3R
QUEBEC ROOKIES @ AMARILLO WARHEADS
08/21/2033
 
TOP OF THE 1ST
Quebec Rookies batting - Pitching for Amarillo Warheads : LHP Joël Delorme
Pitching: LHP Joël Delorme
Batting: RHB Alejandro Córdova 0-0: Ball
1-0: Swinging Strike
1-1: Foul Ball, location: 2F
1-2: Ball
2-2: Foul Ball, location: 2F
2-2: Foul Ball, location: 2F
2-2: Foul Ball, location: 2F
2-2: Ball
3-2: SINGLE (Flyball, 5D)
Batting: RHB Justin Hunt 0-0: Called Strike
0-1: Foul Ball, location: 2F
0-2: Strikes out swinging
Batting: RHB Jon Deal 0-0: Called Strike
0-1: Ball
1-1: Foul Ball, location: 2F
1-2: Ball
2-2: Foul Ball, location: 2F
2-2: Ball
3-2: Ground out 4-3 (Groundball, 4)
Alejandro Córdova to second
Batting: LHB Palaie Gaoteote 0-0: Ball
1-0: Ball
2-0: Swinging Strike
2-1: Called Strike
2-2: Strikes out looking
Top of the 1st over - 0 runs, 1 hit, 0 errors, 1 left on base; Quebec 0 - Amarillo 0
BOTTOM OF THE 1ST
Amarillo Warheads batting - Pitching for Quebec Rookies : RHP Olaf Solleveld
Pitching: RHP Olaf Solleveld
Batting: SHB Damien Monroe 0-0: SINGLE (Groundball, 6D)
Batting: RHB Joe Rodgers 0-0: Called Strike
0-1: Ball
1-1: Ball
2-1: Ball
3-1: Swinging Strike
3-2: Grounds into double play, 6-4-3 (Groundball, 6)
Batting: LHB Fernando Guillén 0-0: Ball
1-0: Foul Ball, location: 2F
1-1: Foul Ball, location: 2F
1-2: Ball
2-2: Ground out U3 (Groundball, 3S)
Bottom of the 1st over - 0 runs, 1 hit, 0 errors, 0 left on base; Quebec 0 - Amarillo 0
TOP OF THE 2ND
Quebec Rookies batting - Pitching for Amarillo Warheads : LHP Joël Delorme
Batting: RHB Christian Patriarche 0-0: Swinging Strike
0-1: Called Strike
0-2: Foul Ball, location: 2F
0-2: Ball
1-2: Strikes out swinging
Batting: LHB Scott Miles 0-0: Ball
1-0: Swinging Strike
1-1: Foul Ball, location: 2F
1-2: Foul Ball, location: 2F
1-2: Fly out, F3 (Popup, 3SF)
Batting: RHB António Sánchez 0-0: Ball
1-0: Swinging Strike
1-1: Foul Ball, location: 2F
1-2: Ground out U3 (Groundball, 34)
Top of the 2nd over - 0 runs, 0 hits, 0 errors, 0 left on base; Quebec 0 - Amarillo 0
BOTTOM OF THE 2ND
Amarillo Warheads batting - Pitching for Quebec Rookies : RHP Olaf Solleveld
Batting: SHB John Wilder 0-0: Ball
1-0: Ball
2-0: Fly out, F9 (Flyball, 89M)
Batting: RHB Kiyohira Kan 0-0: Ground out U3 (Groundball, 3S)
Batting: RHB Geoff May 0-0: Ball
1-0: Foul Ball, location: 2F
1-1: Ball
2-1: Foul Ball, location: 2F
2-2: Strikes out swinging
Bottom of the 2nd over - 0 runs, 0 hits, 0 errors, 0 left on base; Quebec 0 - Amarillo 0
TOP OF THE 3RD
Quebec Rookies batting - Pitching for Amarillo Warheads : LHP Joël Delorme
Batting: RHB Punisa Tukovic 0-0: Foul Ball, location: 2F
0-1: Foul Ball, location: 2F
0-2: Ball
1-2: Strikes out swinging
Batting: SHB Marx Vink 0-0: Ball
1-0: Swinging Strike
1-1: Foul Ball, location: 2F
1-2: Strikes out swinging
Batting: RHB Alejandro Córdova 0-0: Foul Ball, location: 2F
0-1: Called Strike
0-2: Ball
1-2: Strikes out swinging
Top of the 3rd over - 0 runs, 0 hits, 0 errors, 0 left on base; Quebec 0 - Amarillo 0
BOTTOM OF THE 3RD
Amarillo Warheads batting - Pitching for Quebec Rookies : RHP Olaf Solleveld
Batting: RHB John Steele 0-0: Ball
1-0: Foul Ball, location: 2F
1-1: Called Strike
1-2: Hit by Pitch
Batting: RHB Kevin Bates 0-0: Called Strike
0-1: SINGLE (Groundball, 34S) (infield hit)
John Steele to second
Batting: SHB Richard Mullins Balk!
John Steele to third
Kevin Bates to second
0-0: Called Strike
0-1: Ball
1-1: Swinging Strike
1-2: Foul Ball, location: 2F
1-2: Ball
2-2: Strikes out swinging
Batting: SHB Damien Monroe 0-0: Ball
1-0: SINGLE (Groundball, 34D)
John Steele scores
Kevin Bates to third
Runner from 3rd tries for Home, SAFE, no throw
Batting: RHB Joe Rodgers Balk!
Damien Monroe to second
0-0: Ball
1-0: Called Strike
1-1: Foul Ball, location: 2F
1-2: Ball
2-2: Foul Ball, location: 2F
2-2: Strikes out swinging
Batting: LHB Fernando Guillén 0-0: Swinging Strike
0-1: Swinging Strike
0-2: Ball
1-2: Ground out U3 (Groundball, 34)
Bottom of the 3rd over - 2 runs, 2 hits, 0 errors, 1 left on base; Quebec 0 - Amarillo 2
TOP OF THE 4TH
Quebec Rookies batting - Pitching for Amarillo Warheads : LHP Joël Delorme
Batting: RHB Justin Hunt 0-0: Ball
1-0: Ground out U3 (Groundball, 3)
Batting: RHB Jon Deal 0-0: Ball
1-0: Ball
2-0: Ball
3-0: Foul Ball, location: 2F
3-1: Base on Balls
Pitching: RHP Bill Tennant
Batting: LHB Palaie Gaoteote 0-0: Ball
1-0: Foul Ball, location: 2F
1-1: Foul Ball, location: 2F
1-2: Foul Ball, location: 2F
1-2: Ball
2-2: Foul Ball, location: 2F
2-2: Foul Ball, location: 2F
2-2: Foul Ball, location: 2F
2-2: Foul Ball, location: 2F
2-2: Foul Ball, location: 2F
2-2: Foul Ball, location: 2F
2-2: Ball
3-2: Foul Ball, location: 2F
3-2: 2-RUN HOME RUN (Flyball, 9LD), Distance : 352 ft
Batting: RHB Christian Patriarche 0-0: Foul Ball, location: 2F
0-1: Foul Ball, location: 2F
0-2: Ground out 5-3 (Groundball, 56)
Batting: LHB Scott Miles 0-0: Ball
1-0: Called Strike
1-1: Ball
2-1: Foul Ball, location: 2F
2-2: Foul Ball, location: 2F
2-2: Strikes out swinging
Top of the 4th over - 2 runs, 1 hit, 0 errors, 0 left on base; Quebec 2 - Amarillo 2
BOTTOM OF THE 4TH
Amarillo Warheads batting - Pitching for Quebec Rookies : RHP Olaf Solleveld
Batting: SHB John Wilder 0-0: Ball
1-0: Ground out 1-3 (Groundball, 13S)
Batting: RHB Kiyohira Kan 0-0: Ball
1-0: Ball
2-0: Swinging Strike
2-1: Swinging Strike
2-2: Foul Ball, location: 2F
2-2: Foul Ball, location: 2F
2-2: Strikes out swinging
Batting: RHB Geoff May 0-0: Ball
1-0: SINGLE (Groundball, 6MD)
Batting: RHB John Steele 0-0: 2-RUN HOME RUN (Flyball, 9LD), Distance : 343 ft
Batting: RHB Kevin Bates 0-0: Foul Ball, location: 2F
0-1: Swinging Strike
0-2: Ball
1-2: Strikes out swinging
Bottom of the 4th over - 2 runs, 2 hits, 0 errors, 0 left on base; Quebec 2 - Amarillo 4
TOP OF THE 5TH
Quebec Rookies batting - Pitching for Amarillo Warheads : RHP Bill Tennant
Batting: RHB António Sánchez 0-0: Foul Ball, location: 2F
0-1: Swinging Strike
0-2: Strikes out looking
Batting: RHB Punisa Tukovic 0-0: Ball
1-0: SINGLE (Groundball, 56S) (infield hit)
Batting: SHB Marx Vink 0-0: Ball
1-0: Ball
2-0: Ground out 6-3 (Groundball, 6S)
Punisa Tukovic to second
Batting: RHB Alejandro Córdova 0-0: Ball
1-0: Fly out, F7 (Flyball, 78D)
Top of the 5th over - 0 runs, 1 hit, 0 errors, 1 left on base; Quebec 2 - Amarillo 4
BOTTOM OF THE 5TH
Amarillo Warheads batting - Pitching for Quebec Rookies : RHP Olaf Solleveld
Batting: SHB Richard Mullins 0-0: Swinging Strike
0-1: Ground out 4-3 (Groundball, 4)
Batting: SHB Damien Monroe 0-0: Hit by Pitch
Batting: RHB Joe Rodgers 0-0: Ball
1-0: Fly out, F8 (Flyball, 8LM)
Batting: LHB Fernando Guillén 0-0: Ball
1-0: Foul Ball, location: 2F
1-1: Ball
2-1: Foul Ball, location: 2F
2-2: Foul Ball, location: 2F
2-2: Strikes out swinging
Bottom of the 5th over - 0 runs, 0 hits, 0 errors, 1 left on base; Quebec 2 - Amarillo 4
TOP OF THE 6TH
Quebec Rookies batting - Pitching for Amarillo Warheads : RHP Bill Tennant
Batting: RHB Justin Hunt 0-0: Called Strike
0-1: Foul Ball, location: 2F
0-2: SINGLE (Groundball, 56D)
Batting: RHB Jon Deal 0-0: Reached on error, E4 (Groundball, 4)
Justin Hunt to second
Batting: LHB Palaie Gaoteote 0-0: Called Strike
0-1: Ball
1-1: Ball
2-1: Ball
3-1: Called Strike
3-2: Strikes out looking
Batting: RHB Christian Patriarche 0-0: Swinging Strike
0-1: Grounds into double play, 6-4-3 (Groundball, 6)
Top of the 6th over - 0 runs, 1 hit, 1 error, 1 left on base; Quebec 2 - Amarillo 4
BOTTOM OF THE 6TH
Amarillo Warheads batting - Pitching for Quebec Rookies : RHP Olaf Solleveld
Batting: SHB John Wilder 0-0: Ball
1-0: Called Strike
1-1: Ball
2-1: Foul Ball, location: 2F
2-2: Ball
3-2: Base on Balls
Batting: RHB Kiyohira Kan 0-0: Fly out, F3 (Popup, 3)
Batting: RHB Geoff May 0-0: Called Strike
0-1: Ball
1-1: Swinging Strike
1-2: Ball
2-2: Strikes out swinging
Pitching: LHP Fernando Perocier
Batting: RHB John Steele 0-0: Ball
1-0: Foul Ball, location: 2F
1-1: Ground out 4-3 (Groundball, 34)
Bottom of the 6th over - 0 runs, 0 hits, 0 errors, 1 left on base; Quebec 2 - Amarillo 4
TOP OF THE 7TH
Quebec Rookies batting - Pitching for Amarillo Warheads : RHP Bill Tennant
Batting: LHB Scott Miles 0-0: Ball
1-0: Foul Ball, location: 2F
1-1: Ball
2-1: Foul Ball, location: 2F
2-2: Ball
3-2: Foul Ball, location: 2F
3-2: Foul Ball, location: 2F
3-2: Fly out, F9 (Flyball, 9)
Batting: RHB António Sánchez 0-0: Called Strike
0-1: Ball
1-1: Swinging Strike
1-2: Ball
2-2: Foul Ball, location: 2F
2-2: Strikes out looking
Batting: RHB Punisa Tukovic 0-0: Called Strike
0-1: Ball
1-1: Foul Ball, location: 2F
1-2: Strikes out swinging
Top of the 7th over - 0 runs, 0 hits, 0 errors, 0 left on base; Quebec 2 - Amarillo 4
BOTTOM OF THE 7TH
Amarillo Warheads batting - Pitching for Quebec Rookies : LHP Fernando Perocier
Pitching: RHP Dennis Schep
Batting: RHB Kevin Bates 0-0: Ball
1-0: Ball
2-0: Called Strike
2-1: Swinging Strike
2-2: Foul Ball, location: 2F
2-2: Fly out, F9 (Flyball, 9LSF)
Batting: SHB Richard Mullins 0-0: Called Strike
0-1: Swinging Strike
0-2: Foul Ball, location: 2F
0-2: Ball
1-2: Strikes out swinging
Batting: SHB Damien Monroe 0-0: Called Strike
0-1: Foul Ball, location: 2F
0-2: Ball
1-2: Strikes out swinging
Bottom of the 7th over - 0 runs, 0 hits, 0 errors, 0 left on base; Quebec 2 - Amarillo 4
TOP OF THE 8TH
Quebec Rookies batting - Pitching for Amarillo Warheads : RHP Bill Tennant
Batting: SHB Marx Vink 0-0: Ball
1-0: SINGLE (Line Drive, 4D)
Pitching: LHP Pellervo Soisalo
Batting: RHB Alejandro Córdova 0-0: Foul Ball, location: 2F
0-1: Foul Ball, location: 2F
0-2: Foul Ball, location: 2F
0-2: SINGLE (Groundball, 34)
Marx Vink to second
Runner from 2nd tries for 3rd, SAFE, no throw
Batting: RHB Justin Hunt 0-0: Called Strike
0-1: Foul Ball, location: 2F
0-2: Ball
1-2: Strikes out swinging
Batting: RHB Jon Deal 0-0: Ball
1-0: Ball
2-0: Ball
3-0: Called Strike
3-1: Foul Ball, location: 2F
3-2: Strikes out swinging
Batting: LHB Palaie Gaoteote 0-0: Ball
1-0: Ground out 4-3 (Groundball, 34)
Top of the 8th over - 0 runs, 2 hits, 0 errors, 2 left on base; Quebec 2 - Amarillo 4
BOTTOM OF THE 8TH
Amarillo Warheads batting - Pitching for Quebec Rookies : RHP Dennis Schep
Batting: RHB Joe Rodgers 0-0: SINGLE (Line Drive, 4MD)
Batting: LHB Fernando Guillén 0-0: Swinging Strike
0-1: Grounds into double play, 6-4-3 (Groundball, 6D)
Batting: SHB John Wilder 0-0: Ball
1-0: Called Strike
1-1: Swinging Strike
1-2: Strikes out looking
Bottom of the 8th over - 0 runs, 1 hit, 0 errors, 0 left on base; Quebec 2 - Amarillo 4
TOP OF THE 9TH
Quebec Rookies batting - Pitching for Amarillo Warheads : LHP Pellervo Soisalo
Pitching: LHP Curt Moore
Batting: RHB Christian Patriarche 0-0: Swinging Strike
0-1: Ball
1-1: Ball
2-1: Swinging Strike
2-2: Strikes out swinging
Batting: LHB Scott Miles 0-0: Called Strike
0-1: Foul Ball, location: 2F
0-2: Strikes out swinging
Batting: RHB António Sánchez 0-0: SINGLE (Groundball, 56D)
Pinch Hitting: RHB Sal Elliott 0-0: Fielders Choice at 2nd, 6-4 (Groundball, 6)
Top of the 9th over - 0 runs, 1 hit, 0 errors, 1 left on base; Quebec 2 - Amarillo 4
Saturday, December 22nd, 2018 - OOTP Baseball 18.8 Build 76